 Dungeon Crawl Stone Soup version 0.28-a0-816-gb054d885db (webtiles) character file.

Game seed: 16770940048447370725

90 Crownlay the Chopper (level 4, -3/58 HPs)
             Began as a Hill Orc Fighter on Nov 8, 2021.
             Was an Initiate of Okawaru.
             Killed from afar by an orc wizard (9 damage)
             ... with a puff of flame
             ... on level 3 of the Dungeon.
             The game lasted 00:03:26 (2206 turns).

Crownlay the Chopper (Hill Orc Fighter)             Turns: 2206, Time: 00:03:26

Health: -3/58      AC: 22    Str: 19    XL:     4   Next: 56%
Magic:  4/4        EV:  2    Int:  8    God:    Okawaru [......]
Gold:   100        SH:  4    Dex: 10    Spells: 3/3 levels left

rFire   . . .      SeeInvis .   a - +0 war axe
rCold   . . .      Faith    .   c - +0 buckler
rNeg    . . .      Spirit   .   (armour currently unavailable)
rPois   +          Reflect  .   (helmet currently unavailable)
rElec   .          Harm     .   (cloak currently unavailable)
rCorr   .          Rampage  .   (gloves currently unavailable)
Will    .....      NoTele   +   (boots currently unavailable)
Stlth   +.........              t - amulet of regeneration
HPRegen 1.19/turn               (no ring)
MPRegen 0.09/turn               (no ring)

@: tree-form
A: stationary, stasis, torment immunity, boosted hp
a: Renounce Religion


You were on level 3 of the Dungeon.
You worshipped Okawaru.
Okawaru was noncommittal.
You were a tree.
You visited 2 branches of the dungeon, and saw 5 of its levels.

You collected 110 gold pieces.
You spent 10 gold pieces at shops.

Inventory:

Hand Weapons
 a - a +0 war axe (weapon)
Armour
 b - a +0 scale mail (melded)
 c - a +0 buckler (worn)
 n - a +0 cloak (melded)
 o - a +0 pair of gloves (melded)
Jewellery
 r - an amulet of faith
 t - an amulet of regeneration (around neck)
Scrolls
 e - a scroll of holy word {unknown}
 f - 2 scrolls of blinking {unknown}
 g - 2 scrolls of enchant weapon {unknown}
 h - 2 scrolls of noise
 k - a scroll of vulnerability {unknown}
 l - a scroll of identify {unknown}
 q - 2 scrolls of magic mapping
 s - a scroll of enchant armour {unknown}
Potions
 d - 2 potions of might
 i - a potion of mutation {unknown}
 j - a potion of lignification
 m - a potion of brilliance {unknown}
 p - a potion of curing {unknown}


   Skills:
 - Level 3.6 Fighting
 * Level 5.5 Axes
 - Level 3.2 Armour
 - Level 4.0 Shields
 + Level 0.3 Invocations


You had 3 spell levels left.
You didn't know any spells.
Your spell library was empty.

Dungeon Overview and Level Annotations

Branches:
Dungeon (4/15)             Temple (1/1) D:4

Altars:
Cheibriados
Elyvilon
Makhleb
Okawaru
Qazlal
Ru
Vehumet
Zin

Shops:
D:1 ?


Message History

The orc wizard barely misses you.
You hit the orc wizard.
The orc wizard is almost dead.
The orc wizard gestures wildly while chanting.
The orc wizard flickers and vanishes!
Deactivating autopickup; reactivate with Ctrl-A.
You bump into the rock wall.
Something hits you but does no damage.
You bump into the rock wall.
Something hits you but does no damage.
You miss something.
You hear some strange, mumbled words.
You are more confused.
You bump into the rock wall.
You hear some strange, mumbled words.
A puff of flame appears from out of thin air!
The puff of flame hits you!
You miss something.
You hear some strange, mumbled words.
A magic dart appears from out of thin air!
The magic dart hits you. Something hits you.
You bump into the rock wall.
You hear some strange, mumbled words.
Something tries to affect you, but you resist.
You're too confused to move!
Something hits you.
You bump into the rock wall.
Something hits you. Something hits you.
You bump into the rock wall.
You hear some strange, mumbled words.
A puff of flame appears from out of thin air!
The puff of flame hits you!
* * * LOW HITPOINT WARNING * * *
It was a potion of lignification.
You turn into a tree.
Your +0 cloak melds into your body.
Your +0 pair of gloves melds into your body.
Your +0 scale mail melds into your body.
Your roots penetrate the ground.
You feel less confused.
You hear some strange, mumbled words.
A puff of flame appears from out of thin air!
The puff of flame hits you!
You die...

#.............##.# #
#..#...<...#####.# #
#..#.#.###.....#.#########
#....#.....###.#.........'
#..###..##.###....########
#....#..>..............###
#.##.##..#........####..##
#.##†###{.............<...
#....# #.♣......#######...
###### #######.## ##..
#>#########..
#.........##.
#.........##.
#.........##.
##........### ##'##...## #
##########'##...# #


There were no monsters in sight!

Vanquished Creatures
  A hound (D:4)
  2 adders
  2 dart slugs (D:2)
  An orc (D:3)
  5 bats
  3 endoplasms
  A giant cockroach (D:1)
  2 goblins
  3 hobgoblins
  3 quokkas
  2 ball pythons (D:1)
  4 frilled lizards
  4 kobolds
  3 rats (D:2)
36 creatures vanquished.

Notes
Turn   | Place    | Note
-------+----------+-------------------------------------------
     0 | D:1      | Crownlay the Hill Orc Fighter began the quest for the Orb.
     0 | D:1      | Reached XP level 1. HP: 19/19 MP: 1/1
   151 | D:1      | Reached skill level 3 in Axes
   300 | D:1      | Found Jegit Ukh's Magic Scroll Boutique.
   308 | D:1      | Reached XP level 2. HP: 26/26 MP: 2/2
   369 | D:1      | Bought a scroll of noise for 10 gold pieces
   418 | D:1      | Found a faded altar of an unknown god.
   960 | D:2      | Reached skill level 4 in Axes
   960 | D:2      | Reached XP level 3. HP: 25/31 MP: 3/3
  2066 | D:4      | Found a staircase to the Ecumenical Temple.
  2075 | D:4      | Reached skill level 5 in Axes
  2075 | D:4      | Reached XP level 4. HP: 39/39 MP: 4/4
  2078 | Temple   | Entered the Ecumenical Temple
  2124 | Temple   | Became a worshipper of Warmaster Okawaru
  2206 | D:3      | Killed from afar by an orc wizard

Illustrated notes

Levels and vault maps discovered:
D:1:      dpeg_arrival_three_smaller_balls, layout_rooms, serial_shops, shop,
          hellmonk_ecumenical_altar_zigzags
D:2:      wad_crossroads, layout_basic, grunt_decor_cap
D:3:      layout_basic, minivault_23
D:4:      layout_basic, minmay_temple_entry_overgrown, st_stairs_14,
          lemuel_another_geyser
Temple:   minmay_crystal_spiral_temple

Skill      XL: |  1  2  3 |
---------------+----------+-----
Axes           | 3 4 5 |  5.5
Shields        | 4 |  4.0
Fighting       | |  3.6
Armour         | |  3.2
Invocations    | |  0.3

Action                   |  1- 3 |  4- 6 || total
-------------------------+-------+-------++-------
Melee: War axe           |   102 |    15 ||   117
  Use: Scroll            |     1 |       ||     1
       Potion            |       |     1 ||     1
Armor: Scale mail        |    47 |     8 ||    55
Dodge: Dodged            |    59 |     5 ||    64
Block: Buckler           |    20 |     2 ||    22

Table legend: (Time is in decaauts)
 A = Elapsed time spent in this place.
 B = Non-inter-level travel time spent in this place.
 C = Inter-level travel time spent in this place.
 D = Time resting spent in this place.
 E = Time spent auto-exploring this place.
 F = Levels seen in this place.
 G = Mean time per level.
                   A        B        C        D        E       F      G
               +--------+--------+--------+--------+--------+-----+--------+
         Total |   2243 |   2109 |    134 |      0 |   1757 |   5 |  448.6 |
       Dungeon |   2152 |   2054 |     98 |      0 |   1711 |   4 |  538.0 |
        Temple |     90 |     54 |     36 |      0 |     46 |   1 |   90.0 |
               +--------+--------+--------+--------+--------+-----+--------+

Top non-repeatable levels by time:
     D:2: 831 daAuts
     D:1: 746 daAuts
     D:3: 544 daAuts
  Temple: 90 daAuts
     D:4: 30 daAuts
